 Dungeon Crawl Stone Soup version 0.20.1-1-g8b1a95d (webtiles) character file.

65 renl the Changer (level 4, 0/25 HPs)
             Began as a Kobold Transmuter on July 16, 2017.
             Succumbed to an adder's poison
             ... on level 2 of the Dungeon.
             The game lasted 00:06:04 (1749 turns).

renl the Changer (Kobold Transmuter)                Turns: 1749, Time: 00:06:04

Health: 0/25       AC:  2    Str: 12    XL:     4   Next: 35%
Magic:  6/7        EV: 15    Int: 14    God:
Gold:   114        SH:  0    Dex: 16    Spells: 1/7 levels left

rFire    . . .     SeeInvis .     - Unarmed
rCold    . . .     Gourm    .   (shield restricted)
rNeg     . . .     Faith    .   b - +0 robe
rPois    .         Spirit   .   (no helmet)
rElec    .         Reflect  .   (no cloak)
rCorr    .         Harm     .   (no gloves)
MR       .....                  (no boots)
Stlth    +.........             (no amulet)
Regen    0.1/turn               (no ring)
MPRegen  0.1/turn               (no ring)

@: mighty, lethally poisoned (0 -> -9)
A: carnivore 3
a: no special abilities


You were on level 2 of the Dungeon.
You were completely stuffed.

You visited 1 branch of the dungeon, and saw 2 of its levels.

You collected 114 gold pieces.

Inventory:

Missiles
 a - 76 arrows
Armour
 b - a +0 robe (worn)
Scrolls
 f - a scroll of enchant armour {unknown}
 h - a scroll of remove curse {unknown}
Books
 c - a book of Changes

   Spells                             Type                      Level
   a - Beastly Appendage              Transmutation                1
   b - Sticks to Snakes               Transmutation                2
   c - Spider Form                    Transmutation/Poison         3
   d - Ice Form                       Ice/Transmutation            4
   e - Blade Hands                    Transmutation                5
Comestibles
 d - a meat ration
 g - 2 royal jellies
 j - 7 chunks of flesh


   Skills:
 - Level 1.1 Fighting
 - Level 2.4 Dodging
 - Level 3.0 Unarmed Combat
 - Level 2.1 Spellcasting
 + Level 4.2 Transmutations


You had one spell level left.
You knew the following spells:

 Your Spells              Type           Power        Failure   Level  Hunger
a - Beastly Appendage     Tmut           ##....       4%          1    #......
b - Sticks to Snakes      Tmut           ##......     6%          2    ###....
c - Spider Form           Tmut/Pois      #.........   28%         3    ###....


Dungeon Overview and Level Annotations

Branches:
Dungeon (2/15)

Altars:
Gozag


Innate Abilities, Weirdness & Mutations

You are small and have problems with some larger weapons.
You are carnivorous and can eat meat at any time.


Message History

* * * LOW HITPOINT WARNING * * *
You feel sick.
Things that are here:
2 chunks of flesh; an adder skeleton
* * * LOW HITPOINT WARNING * * *
You feel sick.
* * * LOW HITPOINT WARNING * * *
You feel sick.
Things that are here:
2 chunks of flesh; an adder skeleton
j - 7 chunks of flesh (gained 2)
Your transformation has ended.
Your +0 robe unmelds from your body.
* * * LOW HITPOINT WARNING * * *
You feel sick.
* * * LOW HITPOINT WARNING * * *
You feel sick.
* * * LOW HITPOINT WARNING * * *
You feel sick.
You die...

##.##.........#.#.# #..#.#####
##..............#.## #..#.#
##..............#..# #..#.#
#...............##.###..#.#
#..##+##'######.##..##..#.#
#..##.##.# #.#...##..#.##
#..##.##+######.#...[#..#..#
...(............#....#..#..######
.<....<.........@........÷.......
#...............#..÷.#...........
#...............####...##..######
#..##...........#..........###
#..##...........#.###..##..#.#
....#...........#.#...>##..#.#
....#...........#.####.##..#.#
..#.#...........#.# #.##..#.#
..#.#.##.#......#.# #.##..#.####


There were no monsters in sight!

Vanquished Creatures
  2 adders (D:2)
  2 oozes (D:2)
  A worm (D:2)
  A leopard gecko (D:2)
  A giant cockroach (D:1)
  4 goblins
  8 hobgoblins
  A jackal (D:2)
  A quokka (D:2)
  3 bats
  2 frilled lizards
  5 kobolds
  5 rats
36 creatures vanquished.

Notes
Turn   | Place    | Note
-------+----------+-------------------------------------------
     0 | D:1      | renl the Kobold Transmuter began the quest for the Orb.
     0 | D:1      | Reached XP level 1. HP: 12/12 MP: 3/3
   295 | D:1      | Reached XP level 2. HP: 9/16 MP: 3/5
   303 | D:1      | Learned a level 2 spell: Sticks to Snakes
   620 | D:1      | Reached skill level 3 in Transmutations
   840 | D:1      | Reached XP level 3. HP: 20/20 MP: 6/6
   852 | D:1      | Learned a level 3 spell: Spider Form
  1507 | D:2      | Reached skill level 4 in Transmutations
  1507 | D:2      | Reached XP level 4. HP: 19/25 MP: 7/7
  1512 | D:2      | Found an opulent altar of Gozag.
  1748 | D:2      | HP: 1/25 [poisoned by an adder]
  1749 | D:2      | Succumbed to an adder's poison

Skill      XL: |  1  2  3 |
---------------+----------+-----
Transmutations | 3 4 |  4.2
Fighting       | |  1.1
Dodging        | |  2.4
Unarmed Combat | |  3.0
Spellcasting   | |  2.1

Action                   |  1- 3 |  4- 6 || total
-------------------------+-------+-------++-------
Melee: Unarmed           |   102 |    26 ||   128
       Kick              |    11 |     1 ||    12
       Headbutt          |     8 |       ||     8
       Punch             |     1 |       ||     1
 Cast: Beastly Appendage |    13 |     2 ||    15
       Spider Form       |     1 |     1 ||     2
  Use: Potion            |     1 |     1 ||     2
 Stab: Sleeping          |     1 |     2 ||     3
  Eat: Chunk             |    10 |     2 ||    12
Armor: Robe              |     7 |     1 ||     8
       Skin              |     1 |       ||     1
Dodge: Dodged            |    64 |    34 ||    98
